 Dungeon Crawl Stone Soup version 0.29.0-4-gdea44cf6ec (webtiles) character file.

Game seed: 1361533835008266666

165 qw the Chopper (level 5, -1/30 HPs)
             Began as a Tengu Warper on Aug 28, 2022.
             Killed from afar by an orc wizard (3 damage)
             ... with a magic dart
             ... on level 6 of the Dungeon.
             The game lasted 00:00:14 (2468 turns).

qw the Chopper (Tengu Warper)                       Turns: 2468, Time: 00:00:15

Health: -1/30      AC: 11    Str: 12 (13) XL:     5   Next: 46%
Magic:  9/9        EV:  4    Int: 10 (13) God:
Gold:   48         SH:  0    Dex: 14      Spells: 8/8 levels left

rFire   . . .      SeeInvis .   Y - +0 hand axe (flame)
rCold   . . .      Faith    .   (no shield)
rNeg    + . .      Spirit   .   m - +0 plate armour
rPois   .          Reflect  .   (helmet restricted)
rElec   .          Harm     .   (no cloak)
rCorr   .          Rampage  .   (no gloves)
Will    .....                   (boots unavailable)
Stlth   ..........              (no amulet)
HPRegen 0.10/turn               i - ring of positive energy
MPRegen 0.11/turn               (no ring)

@: flying quickly and evasively, quick
A: beak, talons 3, nimble flight
a: no special abilities


You were on level 6 of the Dungeon.
You visited 1 branch of the dungeon, and saw 4 of its levels.

You collected 88 gold pieces.
You spent 40 gold pieces at shops.


Innate Abilities, Weirdness & Mutations

You have a beak for a mouth.
You have claws for feet.
Your magical nature lets you fly swiftly and evasively.


   Skills:
 - Level 2.0 Fighting
 + Level 4.9 Axes
 - Level 1.0 Throwing
 - Level 3.5 Armour
 - Level 2.1 Dodging
 - Level 2.0 Spellcasting
 - Level 2.4 Translocations


You had 8 spell levels left.
You didn't know any spells.
Your spell library contained the following spells:

 Spells                   Type           Power      Damage    Failure   Level
 Blink                    Tloc           10%        N/A       100%        2
 Gell's Gravitas          Tloc           5%         N/A       100%        3
 Lesser Beckoning         Tloc           5%         N/A       100%        3
 Teleport Other           Tloc           5%         N/A       100%        3
 Manifold Assault         Tloc           5%         N/A       100%        5

Inventory:

Hand Weapons
 Y - a +0 hand axe of flaming (weapon)
Missiles
 c - 2 boomerangs (quivered)
Armour
 m - a +0 plate armour (worn)
Jewellery
 i - a ring of positive energy (left hand)
Scrolls
 a - 3 scrolls of identify
 e - a scroll of torment {unknown}
 f - a scroll of immolation {unknown}
Potions
 d - a potion of mutation {unknown}

Dungeon Overview and Level Annotations

Branches:
Dungeon (3/15)

Altars:

Shops:
D:3 *


Message History

The phantom hits you but does no damage.
You barely miss the phantom. You claw the phantom!
The phantom is severely damaged.
You closely miss the hound. You hit the scorpion. You burn the scorpion.
The scorpion stings you. The phantom hits you. The hound bites you.
The scorpion stings you but does no damage.
You barely miss the phantom. You peck the phantom, but do no damage.
The phantom is severely damaged.
You hit the hound. You burn the hound. You hit the scorpion but do no damage.
The hound bites you. The phantom hits you.
The phantom blinks!
You blink.
2465 ||| READING scroll of teleportation.
As you read the scroll of teleportation, it crumbles to dust.
You feel strangely unstable. The phantom hits you.
You miss the phantom. Your kick misses the phantom.
The phantom is severely damaged.
The phantom hits you.
The phantom blinks!
You blink.
The scorpion stings you but does no damage.
You hit the phantom. You burn the phantom. Your kick misses the phantom.
The phantom is severely damaged.
You hit the scorpion but do no damage.
The scorpion stings you but does no damage.
The phantom hits you but does no damage.
The scorpion stings you but does no damage.
You hit the phantom but do no damage. You peck the phantom, but do no damage.
The phantom is severely damaged.
You hit the scorpion but do no damage.
Your surroundings suddenly seem different. 5 orcs, a bullfrog and an adder come into view.
An orc is wielding a +1 mace of holy wrath.
Found three items.
Found a stone staircase leading down and two stone staircases leading up.
The orc warrior shouts!
The orc wizard shouts!
The orc shouts!
The bullfrog croaks.
The adder hisses angrily.
The orc warrior unwields a +0 battleaxe.
The orc warrior wields a +0 arbalest.
The orc warrior shoots a bolt.
The bolt hits you but does no damage.
The orc wizard gestures at you while chanting.
The magic dart hits you.
You die...

######### #
......<.# .
........# .#
........# #.###
...
..S.....##.....
...
.<..??..o.o.#
....
..F...oo...#
....
.......@...#
#.$
.......o...#
#..
...........#
#..
..##.###..... #
... ....... ###
.!..... .......
.......


You could see an orc warrior, a bullfrog, an orc wizard, an adder and 3 orcs.

Vanquished Creatures
  A scorpion (D:2)
  A gnoll (D:1)
  5 adders
  An ufetubus (D:6)
  A worm (D:2)
  2 dart slugs
  An orc (D:2)
  3 endoplasms
  A giant cockroach (D:1)
  4 goblins
  3 hobgoblins (D:1)
  4 jackals (D:2)
  2 quokkas (D:1)
  2 bats
  9 frilled lizards
  5 rats
45 creatures vanquished.

Vanquished Creatures (others)
  7 plants (D:2)
7 creatures vanquished.

Grand Total: 52 creatures vanquished

Notes
Turn   | Place    | Note
-------+----------+-------------------------------------------
     0 | D:1      | qw the Tengu Warper began the quest for the Orb.
     0 | D:1      | Reached XP level 1. HP: 12/12 MP: 4/4
     0 | D:1      | 0 ||| qw: Version: 0.1-a-89-g26bdef1
     0 | D:1      | 0 ||| qw: Game counter: 1625
     0 | D:1      | 0 ||| qw: Always use a shield: true
     0 | D:1      | 0 ||| qw: God list: Okawaru
     0 | D:1      | 0 ||| qw: Allow faded altars: false
     0 | D:1      | 0 ||| qw: Do Orc after D:15 true
     0 | D:1      | 0 ||| qw: Do second Lair branch before Depths: true
     0 | D:1      | 0 ||| qw: Lair rune preference: random
     0 | D:1      | 0 ||| qw: Plans: Normal
     0 | D:1      | 0 ||| PLANNING D:1-11
   317 | D:1      | 317 ||| Stepping ~*~*~tactically~*~*~ (stealth).
   320 | D:1      | 320 ||| Stepping ~*~*~tactically~*~*~ (hiding).
   330 | D:1      | Reached skill level 3 in Axes
   330 | D:1      | Reached XP level 2. HP: 11/17 MP: 6/6
   726 | D:1      | Reached XP level 3. HP: 16/21 MP: 7/7
   787 | D:1      | 787 ||| DROPPING +0 club.
   917 | D:1      | 917 ||| Stepping ~*~*~tactically~*~*~ (stealth).
  1167 | D:1      | 1167 ||| UPGRADING to +0 ring mail.
  1177 | D:1      | 1177 ||| DROPPING +0 leather armour.
  1178 | D:1      | 1178 ||| UPGRADING to +0 plate armour.
  1188 | D:1      | 1188 ||| DROPPING +0 ring mail.
  1189 | D:1      | 1189 ||| UPGRADING to ring of positive energy.
  1190 | D:1      | 1190 ||| READING scroll labelled SAZ OPSEFIUF.
  1191 | D:1      | 1191 ||| READING scroll labelled PALYOP DINIWKE.
  1192 | D:1      | 1192 ||| READING scroll labelled VAASA CO IBLUB.
  1196 | D:1      | 1196 ||| READING scroll labelled JIKLIT SONGEIZ.
  1197 | D:1      | 1197 ||| READING scroll labelled UDEODEOFREE.
  1198 | D:1      | 1198 ||| READING scroll labelled JOROICVADIN.
  1199 | D:1      | 1199 ||| DROPPING +0 whip.
  1200 | D:1      | 1200 ||| DRINKING 2 inky potions.
  1201 | D:1      | 1201 ||| DROPPING scroll of blinking.
  1202 | D:1      | 1202 ||| DROPPING potion of magic.
  1286 | D:2      | Reached skill level 4 in Axes
  1312 | D:2      | 1312 ||| Stepping ~*~*~tactically~*~*~ (stealth).
  1315 | D:2      | 1315 ||| Stepping ~*~*~tactically~*~*~ (stealth).
  1318 | D:2      | Noticed a scorpion
  1331 | D:2      | Killed a scorpion
  1331 | D:2      | HP: 5/21 [poisoned by a scorpion]
  1332 | D:2      | Reached skill level 3 in Armour
  1332 | D:2      | Reached XP level 4. HP: 6/26 MP: 8/8
  1333 | D:2      | 1333 ||| FLEEEEING.
  1334 | D:2      | 1334 ||| FLEEEEING.
  1334 | D:2      | HP: 2/26 [poisoned by a scorpion]
  1335 | D:2      | 1335 ||| FLEEEEING.
  1336 | D:2      | 1336 ||| FLEEEEING.
  1354 | D:2      | 1354 ||| FLEEEEING.
  1355 | D:2      | 1355 ||| FLEEEEING.
  1356 | D:2      | 1356 ||| FLEEEEING.
  1376 | D:2      | 1376 ||| FLEEEEING.
  1377 | D:2      | 1377 ||| FLEEEEING.
  1378 | D:2      | 1378 ||| STAIRDANCE
  1648 | D:1      | 1648 ||| READING scroll labelled OMABU VYNGOZE.
  1649 | D:1      | 1649 ||| DRINKING 2 blue potions.
  1677 | D:1      | 1677 ||| DRINKING 2 lumpy blue potions.
  1678 | D:1      | 1678 ||| DROPPING potion of lignification.
  1679 | D:1      | 1679 ||| DROPPING potion of degeneration.
  1706 | D:2      | Gained mutation: Your magical nature lets you fly swiftly
                  | and evasively. [Tengu growth]
  1706 | D:2      | Reached XP level 5. HP: 30/30 MP: 9/9
  1834 | D:2      | 1834 ||| Stepping ~*~*~tactically~*~*~ (stealth).
  2071 | D:2      | 2071 ||| Stepping ~*~*~tactically~*~*~ (stealth).
  2084 | D:2      | 2084 ||| Stepping ~*~*~tactically~*~*~ (stealth).
  2330 | D:3      | 2330 ||| Stepping ~*~*~tactically~*~*~ (hiding).
  2413 | D:3      | Found Agguew's General Store.
  2418 | D:3      | 2418 ||| SHOPLISTING ring of see invisible (150 gold, have
                  | 65).
  2418 | D:3      | 2418 ||| SHOPLISTING scroll of acquirement (520 gold, have
                  | 65).
  2418 | D:3      | 2418 ||| BUYING scroll of identify (20 gold).
  2418 | D:3      | Bought a scroll of identify for 20 gold pieces
  2418 | D:3      | 2418 ||| BUYING scroll of identify (20 gold).
  2418 | D:3      | Bought a scroll of identify for 20 gold pieces
  2418 | D:3      | 2418 ||| SHOPLISTING scroll of teleportation (30 gold, have
                  | 25).
  2452 | D:3      | You are sucked into a shaft and drop 3 floors!
  2454 | D:6      | Noticed a phantom
  2464 | D:6      | HP: 7/30 [phantom (1)]
  2465 | D:6      | 2465 ||| READING scroll of teleportation.
  2466 | D:6      | HP: 2/30 [phantom (3)]
  2468 | D:6      | Noticed an orc warrior
  2468 | D:6      | Killed from afar by an orc wizard

Levels and vault maps discovered:
D:1:      heliophobic_arrival_enchanted_forest, layout_basic, minmay_circled_x
D:2:      layout_basic, minmay_lizard_king
D:3:      layout_basic, serial_shops, shop_statue, nicolae_shop_hallway_plus,
          shop, nicolae_square_shop, uniq_jessica
D:6:      layout_rooms, ebering_ghost_inner_flame

Skill      XL: |  1  2  3 |
---------------+----------+-----
Axes           | 3 4 |  4.9
Armour         | 3 |  3.5
Fighting       | |  2.0
Throwing       | |  1.0
Dodging        | |  2.1
Spellcasting   | |  2.0
Translocations | |  2.4

Action                   |  1- 3 |  4- 6 || total
-------------------------+-------+-------++-------
Melee: Hand axe          |    50 |    64 ||   114
       Kick              |    16 |    11 ||    27
       Peck              |     6 |    11 ||    17
Throw: Boomerang         |     7 |    11 ||    18
  Use: Scroll            |     6 |     2 ||     8
       Potion            |     1 |     2 ||     3
Armor: Leather armour    |     4 |       ||     4
       Plate armour      |    16 |    42 ||    58
Dodge: Dodged            |    20 |     8 ||    28

Table legend:
 A = Non-vault XP
 B = Vault XP
 C = Vault XP percentage of total XP
 D = Non-vault monster count
 E = Vault monster count
 F = Vault count percentage of total count
                 A         B        C        D         E       F
            +---------+---------+-------+---------+---------+-------
      Total |     220 |      17 |   7.2 |      34 |      11 |  24.4
            +---------+---------+-------+---------+---------+-------
        D:1 |      30 |      10 |  25.0 |      10 |       4 |  28.6
        D:2 |     162 |       7 |   4.1 |      18 |       7 |  28.0
        D:3 |      20 |       0 |   0.0 |       5 |       0 |   0.0
        D:6 |       8 |       0 |   0.0 |       1 |       0 |   0.0
            +---------+---------+-------+---------+---------+-------
